 Dungeon Crawl Stone Soup version 0.32-a0-646-g91cf321817 (webtiles) character file.

Game seed: 9901036381328963817

118168 HourglassMan the Nimble (level 16, -1/129 HPs)
             Began as a Vampire Enchanter on Mar 7, 2024.
             Was the Champion of Wu Jian.
             Slain by a +1 halberd of flaming (6 damage)
             ... on level 2 of the Elven Halls on Mar 8, 2024.
             The game lasted 01:26:08 (37024 turns).

HourglassMan the Nimble (Vampire Enchanter)        Turns: 37024, Time: 01:26:09

Health: -1/129     AC: 18    Str:  9    XL:     16   Next: 24%
Magic:  11/32      EV: 23    Int: 18    God:    Wu Jian [******]
Gold:   191        SH: 13    Dex: 22    Spells: 7/39 levels left

rFire   . . .        Y - +8 short sword of Huizeng {speed, rElec rF- rC++ Dex+2}
rCold   + + .        H - +2 buckler
rNeg    . . .        A - +0 steam dragon scales
rPois   .            T - +0 helmet
rElec   +            m - +2 cloak
rCorr   .            F - +2 pair of gloves {infuse}
SInv    +            w - +0 pair of boots
Will    +....        D - amulet of reflection
Stlth   ++++++       S - ring of protection from fire
HPRegen 0.61/turn    d - +4 ring of protection
MPRegen 0.23/turn

%: reflection, infuse magic (1 MP)
@: healing quickly
A: alive, fangs 3, see invisible, vampiric 2
a: Exsanguinate, Renounce Religion, Wall Jump, Serpent's Lash, Heavenly Storm


You were on level 2 of the Elven Halls.
You worshipped Wu Jian.
Wu Jian was exalted by your worship.
You visited 6 branches of the dungeon, and saw 24 of its levels.
You also visited: Gauntlet.

You collected 2411 gold pieces.
You spent 2220 gold pieces at shops.

Inventory:

Hand Weapons
 n - the +5 dagger of Big Damage {freeze, Int+3 SInv}
   (You found it on level 4 of the Dungeon)

   Int+3:     It affects your intelligence (+3).
   SInv:      It lets you see invisible.
 Y - the +8 short sword of Huizeng (weapon) {speed, rElec rF- rC++ Dex+2}
   (You bought it in a shop on level 12 of the Dungeon)

   Dex+2:     It affects your dexterity (+2).
   rF-:       It makes you vulnerable to fire.
   rC++:      It greatly protects you from cold.
   rElec:     It insulates you from electricity.
Missiles
 a - 3 curare-tipped darts
 e - 6 silver javelins
 o - 15 javelins
 v - 32 poisoned darts (quivered)
 P - 4 throwing nets
 R - 2 darts of dispersal
Armour
 m - a +2 cloak (worn)
 w - a +0 pair of boots (worn)
 A - +0 steam dragon scales (worn)
 F - a +2 pair of gloves of infusion (worn)
 H - a +2 buckler (worn)
 T - a +0 helmet (worn)
Jewellery
 d - a +4 ring of protection (right hand)
 i - a +6 ring of dexterity
 t - a ring of poison resistance
 u - a ring of flight
 D - an amulet of reflection (around neck)
 I - a ring of wizardry
 S - a ring of protection from fire (left hand)
 W - a ring of willpower
Wands
 p - a wand of mindburst (8)
 y - a wand of polymorph (11)
 C - a wand of charming (23)
 N - a wand of flame (17)
 V - a wand of quicksilver (16)
Scrolls
 b - 4 scrolls of fear
 f - 3 scrolls of torment
 h - 11 scrolls of teleportation
 k - 4 scrolls of poison
 s - a scroll of enchant armour
 x - 3 scrolls of silence
 G - a scroll of enchant weapon
 J - 2 scrolls of blinking
 K - 3 scrolls of revelation
 X - a scroll of vulnerability
 Z - 2 scrolls of brand weapon
Potions
 c - 2 potions of invisibility
 g - 5 potions of heal wounds
 j - 2 potions of attraction
 l - 2 potions of magic
 q - a potion of ambrosia
 r - 2 potions of enlightenment
 z - 5 potions of curing
 B - 2 potions of lignification
 E - 8 potions of haste
 L - 2 potions of mutation
 M - 2 potions of cancellation
 O - a potion of might
 Q - 4 potions of brilliance
 U - 2 potions of berserk rage


   Skills:
 + Level 12.6 Fighting
 - Level 10.0 Short Blades
 - Level 4.0 Armour
 + Level 14.8 Dodging
 - Level 14.0 Stealth
 - Level 4.0 Shields
 - Level 12.0 Spellcasting
 - Level 14.0 Hexes
 - Level 8.0 Necromancy
 - Level 2.0 Air Magic
 - Level 6.0 Earth Magic


You had 7 spell levels left.
You knew the following spells:

 Your Spells              Type           Power      Damage    Failure   Level
a - Confusing Touch       Hex            57%        N/A       1%          3
b - Tukima's Dance        Hex            57%        N/A       1%          3
c - Dazzling Flash        Conj/Hex       72%        N/A       1%          3
d - Borgnjor's Vile Clut  Necr/Erth      18%        N/A       14%         5
e - Curse of Agony        Necr           39%        N/A       10%         5
f - Silence               Hex/Air        19%        N/A       10%         5
g - Discord               Hex            28%        N/A       89%         8

Your spell library contained the following spells:

 Spells                   Type           Power      Damage    Failure   Level
 Ensorcelled Hibernation  Hex/Ice        72%        N/A       1%          2
 Animate Dead             Necr           39%        N/A       3%          4
 Stone Arrow              Conj/Erth      42%        3d9       9%          3
 Sting                    Conj/Alch      40%        1d5       10%         1
 Mercury Vapours          Alch/Air       28%        N/A       10%         2
 Lesser Beckoning         Tloc           20%        N/A       14%         2
 Summon Mana Viper        Hex/Summ       36%        N/A       14%         5
 Mephitic Cloud           Conj/Alch/Air  13%        N/A       22%         3
 Animate Armour           Summ/Erth      42%        N/A       26%         4
 Gell's Gravitas          Tloc           10%        N/A       28%         3
 Teleport Other           Tloc           10%        N/A       28%         3
 Death Channel            Necr           19%        N/A       47%         6
 Olgreb's Toxic Radiance  Alch           10%        N/A       67%         4
 Summon Forest            Summ/Tloc      5%         N/A       95%         5
 Conjure Ball Lightning   Conj/Air       7%         3x3d6     100%        6
 Summon Cactus Giant      Summ           5%         N/A       100%        6
 Disjunction              Tloc           5%         N/A       100%        8
 Lehudib's Crystal Spear  Conj/Erth      10%        10d4      100%        8


Dungeon Overview and Level Annotations

Branches:
Dungeon (13/15)            Temple (1/1) D:7            Lair (5/5) D:11
 Shoals (0/4) Lair:2        Snake (1/4) Lair:2        Slime (0/5) Lair:5
    Orc (2/2) D:12            Elf (2/3) Orc:2       Gauntlet (visited)
 Vaults: D:13-14

Altars:
Ashenzari
Cheibriados
Dithmenos
Fedhas
Gozag
Hepliaklqana
Kikubaaqudgha
Makhleb
Nemelex Xobeh
Okawaru
Qazlal
Ru
Sif Muna
Trog
Uskayaw
Vehumet
Wu Jian
Xom
Yredelemnul
Beogh
Jiyva
Lugonu

Shops:
D:1 :   D:7 [[   D:12 =*(=   Orc:2 (!?!

Annotations:
D:3 3 runed translucent doors, Hojrak's ghost, weakling GrFi
D:6 1 runed translucent door, HourglassMan's ghost, novice OpFi
Lair:2 2 transporters
Lair:4 exclusion: downstairs
Elf:2 3 runed translucent doors


Innate Abilities, Weirdness & Mutations

Your natural rate of healing is accelerated.
You have razor-sharp teeth.
You have supernaturally acute eyesight. (SInv)
You are afflicted with vampirism and can become a bat while bloodless.


Message History

The +1 halberd of flaming is heavily damaged.
You closely miss the +1 halberd of flaming.
Your bite misses the +1 halberd of flaming.
The +1 halberd of flaming is heavily damaged.
You block the +1 halberd of flaming's attack.
The deep elf zephyrmancer mumbles some strange words.
The deep elf zephyrmancer blinks!
You hit the +1 halberd of flaming.
The +1 halberd of flaming is severely damaged.
You completely miss the +1 halberd of flaming.
The +1 halberd of flaming is severely damaged.
The +1 halberd of flaming misses you.
The deep elf pyromancer gestures wildly while chanting.
The deep elf pyromancer blinks!
You closely miss the +1 halberd of flaming.
The +1 halberd of flaming is severely damaged.
You block the +1 halberd of flaming's attack.
You hit the +1 halberd of flaming.
The +1 halberd of flaming is almost destroyed.
You miss the +1 halberd of flaming.
Your bite misses the +1 halberd of flaming.
The +1 halberd of flaming is almost destroyed.
The +1 halberd of flaming hits you!!
* * * LOW HITPOINT WARNING * * *
The +1 halberd of flaming burns you.
* * * LOW HITPOINT WARNING * * *
You hit the +1 halberd of flaming.
The +1 halberd of flaming is almost destroyed.
You miss the +1 halberd of flaming.
The +1 halberd of flaming is almost destroyed.
The +1 halberd of flaming hits you!!
* * * LOW HITPOINT WARNING * * *
The +1 halberd of flaming burns you.
* * * LOW HITPOINT WARNING * * *
The +1 halberd of flaming completely misses you.
The fire elemental disappears in a puff of smoke!
The +1 halberd of flaming hits you from afar!!
* * * LOW HITPOINT WARNING * * *
The +1 halberd of flaming burns you.
You die...

#.# #.# #.#
##.# .#
##..#
##.#.#
##.#### .
##.## ..
##.## _..
##.## ...(
##@## §....
##.##
..#.☼.##(##
....☼e.(##
###..§###
#.. #. #


You could see 2 dancing weapons.

Vanquished Creatures
  Jorgrun (Orc:1)
  Gastronok (Lair:1)
  A deep elf sorcerer (Elf:1)
  An orc warlord (Orc:2)
  The ghost of Seic the Grappler, a journeyman DrSh of Yredelemnul (Lair:3)
  A deep elf demonologist (Elf:1)
  A minotaur (Gauntlet)
  Snorg (D:12)
  A fire dragon (Lair:5)
  Josephine (Lair:4)
  A deep elf high priest (Elf:1)
  Fannar (Lair:2)
  Harold (Lair:2)
  5 ogre magi
  6 hydras
  3 anacondas
  A centaur warrior (D:13)
  5 two-headed ogres
  3 boulder beetles
  10 dancing weapons
  A hell hog (Lair:5)
  6 death yaks (Lair:5)
  A death scarab (Gauntlet)
  An orc high priest (Elf:1)
  Urug (Lair:5)
  Sonja (Lair:3)
  11 deep elf knights
  A naga sharpshooter (Snake:1)
  A skeletal warrior (D:9)
  A skyshark (Lair:4)
  A swamp dragon (Lair:5)
  4 deep elf archers
  Pikel (D:6)
  8 deep elf zephyrmancers
  3 orc sorcerers
  2 harpies (Lair:2)
  14 orc knights
  6 deep elf pyromancers
  An ugly thing (D:12)
  A salamander (Lair:2)
  An oklob plant (Lair:4)
  A cyclops (D:13)
  A moth of wrath (Gauntlet)
  7 elephants
  A guardian serpent (Snake:1)
  2 kobold blastminers (Orc:2)
  11 black mambas
  5 cane toads
  A kobold demonologist (D:9)
  4 rime drakes
  7 komodo dragons
  An unseen horror (D:11)
  A troll (shapeshifter) (Elf:2)
  12 polar bears
  A hornet (D:9)
  2 raiju (Lair:5)
  26 blink frogs
  4 trolls
  A dream sheep (Lair:5)
  A shadow (D:12)
  4 air elementals (Elf:2)
  6 wraiths
  9 wyverns
  3 water elementals
  2 fire elementals (Elf:2)
  3 hogs (D:12)
  5 steam dragons
  51 yaks
  12 wargs
  4 vampire mosquitoes (D:11)
  9 basilisks
  A spectral komodo dragon (Gauntlet)
  A naga (Snake:1)
  6 acid dragons
  17 water moccasins
  15 hell hounds (Lair:5)
  A sky beast (D:7)
  22 orc warriors
  14 black bears
  2 swamp drakes (Lair:5)
  3 ice beasts
  8 ogres
  30 wolves
  6 centaurs
  4 lemures
  2 kobold brigands
  A phantom (D:5)
  21 bullfrogs
  2 gnoll sergeants
  4 scorpions
  2 earth elementals (Elf:1)
  3 wights (D:8)
  6 killer bees (D:9)
  An electric eel (Lair:5)
  7 howler monkeys
  4 lava snakes (Lair:2)
  7 orc priests
  A gnoll bouda (D:4)
  A hound (D:4)
  3 jellies
  4 iguanas
  9 orc wizards
  20 gnolls
  6 adders
  A shadow imp (D:7)
  A white imp (D:5)
  A dart slug (D:1)
  3 ribbon worms
  88 orcs
  3 ball pythons
  4 bats
  An endoplasm (D:3)
  4 giant cockroaches
  3 goblins
  6 hobgoblins
  9 jackals (D:1)
  7 kobolds
  2 quokkas (D:1)
  2 rats
679 creatures vanquished.

Vanquished Creatures (collateral kills)
  An ogre mage (Orc:2)
  2 two-headed ogres
  A deep elf knight (Elf:1)
  An orc knight (Elf:1)
  Eustachio (D:6)
  A naga (Snake:1)
  6 orc warriors
  2 centaurs
  6 ogres
  A kobold brigand (D:9)
  A bullfrog (D:8)
  5 wights
  Crazy Yiuf (D:2)
  3 orc priests
  Jessica (D:3)
  An iguana (D:5)
  5 gnolls
  An adder (D:5)
  29 orcs
69 creatures vanquished.

Vanquished Creatures (others)
  A deep elf knight (Elf:1)
  33 dancing weapons
  A deep elf pyromancer (Elf:2)
  A deep elf zephyrmancer (Elf:1)
  A butterfly (D:8)
37 creatures vanquished.

Grand Total: 785 creatures vanquished

Notes
Turn   | Place    | Note
-------+----------+-------------------------------------------
     0 | D:1      | HourglassMan the Vampire Enchanter began the quest for the
                  | Orb.
     0 | D:1      | Reached XP level 1. HP: 13/13 MP: 3/3
    15 | D:1      | Found Onytafri's Book Emporium.
   163 | D:1      | Found a faded altar of an unknown god.
   166 | D:1      | Reached XP level 2. HP: 19/19 MP: 5/5
   186 | D:1      | Reached skill level 5 in Stealth
   504 | D:1      | Gained mutation: You are afflicted with vampirism and can
                  | become a bat while bloodless. [Vampire growth]
   504 | D:1      | Reached XP level 3. HP: 17/24 MP: 6/6
  1051 | D:2      | Learned a level 3 spell: Confusing Touch
  1055 | D:2      | Learned a level 3 spell: Tukima's Dance
  1245 | D:2      | Found a runed translucent door.
  1246 | D:2      | Noticed Crazy Yiuf
  1710 | D:2      | Killed Crazy Yiuf
  1711 | D:2      | Reached XP level 4. HP: 30/30 MP: 0/7
  1910 | D:3      | Noticed Jessica
  1915 | D:3      | Killed Jessica
  1990 | D:3      | Found a sacrificial altar of Ru.
  2139 | D:3      | Reached XP level 5. HP: 32/35 MP: 4/8
  2180 | D:3      | Reached skill level 5 in Hexes
  2465 | D:3      | You fall into a shaft and drop 1 floor!
  2746 | D:3      | Found a runed translucent gate.
  2747 | D:3      | Found a runed translucent gate.
  2748 | D:3      | Found a runed translucent gate.
  2750 | D:3      | Noticed Hojrak's ghost (weakling GrFi)
  3012 | D:4      | Reached XP level 6. HP: 29/41 MP: 9/11
  3241 | D:4      | Reached skill level 1 in Fighting
  3658 | D:4      | Found a shadowy altar of Dithmenos.
  3691 | D:5      | Entered Level 5 of the Dungeon
  3797 | D:5      | Noticed an ice beast
  3806 | D:5      | Killed an ice beast
  3807 | D:5      | Reached XP level 7. HP: 29/50 MP: 9/13
  4159 | D:5      | Found a bloodstained altar of Trog.
  4249 | D:5      | Identified the +5 dagger of Big Damage {freeze, Int+3 SInv}
  4316 | D:5      | Reached skill level 5 in Dodging
  4397 | D:4      | Reached XP level 8. HP: 32/60 MP: 2/14
  4595 | D:4      | Learned a level 3 spell: Dazzling Flash
  4601 | D:4      | Learned a level 5 spell: Borgnjor's Vile Clutch
  5103 | D:6      | Noticed Pikel
  5103 | D:6      | Noticed Eustachio
  5258 | D:5      | Reached skill level 5 in Fighting
  5376 | D:6      | Killed Eustachio
  5517 | D:6      | Found a basalt altar of Yredelemnul.
  5537 | D:6      | Killed Pikel
  5538 | D:6      | Reached XP level 9. HP: 69/69 MP: 5/15
  5738 | D:6      | Found a runed translucent door.
  5751 | D:6      | Noticed HourglassMan's ghost (novice OpFi)
  5958 | D:7      | Reached skill level 5 in Short Blades
  6145 | D:7      | Found a staircase to the Ecumenical Temple.
  6157 | Temple   | Entered the Ecumenical Temple
  6174 | Temple   | Became a worshipper of the Wu Jian Council
  6516 | D:7      | Found a burning altar of Makhleb.
  6553 | D:7      | Found Kiysots's Antique Armour Shop.
  6561 | D:7      | Bought a pair of embroidered gloves for 187 gold pieces
  7055 | D:7      | Found Qoupoh's Armour Boutique.
  7059 | D:7      | Bought a +0 buckler for 63 gold pieces
  7366 | D:8      | Reached skill level 1 in Shields
  7708 | D:8      | Reached * piety under Wu Jian
  7957 | D:8      | Reached XP level 10. HP: 76/76 MP: 8/16
  8102 | D:8      | Found a radiant altar of Vehumet.
  8771 | D:9      | Noticed a skeletal warrior
  8771 | D:9      | Found the +5 scythe "Finisher" {speed, execute}
  9243 | D:9      | Killed a skeletal warrior
  9382 | D:9      | Reached skill level 10 in Short Blades
  9706 | D:9      | Found a sparkling altar of Nemelex Xobeh.
 10131 | D:10     | Entered Level 10 of the Dungeon
 10133 | D:10     | Reached skill level 5 in Spellcasting
 10154 | D:9      | Reached ** piety under Wu Jian
 10565 | D:10     | Found a blossoming altar of Fedhas.
 10617 | D:10     | Reached XP level 11. HP: 77/81 MP: 0/19
 11013 | D:10     | Found an opulent altar of Gozag.
 11056 | D:10     | Found a hazy altar of Hepliaklqana.
 11150 | D:10     | Found a shimmering blue altar of Sif Muna.
 11330 | D:11     | Reached skill level 10 in Stealth
 11697 | D:11     | Noticed a two-headed ogre
 11705 | D:11     | Killed a two-headed ogre
 11955 | D:11     | Found a staircase to the Lair.
 12239 | D:11     | Reached skill level 1 in Earth Magic
 12388 | D:11     | Reached skill level 5 in Necromancy
 12882 | D:12     | Found a staircase to the Orcish Mines.
 12915 | D:12     | Noticed a two-headed ogre
 12920 | D:12     | Killed a two-headed ogre
 12961 | D:12     | Found Uludown's General Store.
 13047 | D:12     | Bought a scroll of teleportation for 54 gold pieces
 13047 | D:12     | Bought a potion of heal wounds for 90 gold pieces
 13047 | D:12     | Bought a potion of might for 72 gold pieces
 13050 | D:12     | Found Loplueh's Jewellery Shoppe.
 13105 | D:12     | Noticed a deep elf pyromancer
 13105 | D:12     | Noticed a two-headed ogre
 13106 | D:12     | Killed a two-headed ogre
 13112 | D:12     | Killed a deep elf pyromancer
 13175 | D:12     | Found Enesaah's Weapon Shoppe.
 13180 | D:12     | Bought 2 darts of dispersal for 25 gold pieces
 13297 | D:12     | Reached *** piety under Wu Jian
 13320 | D:12     | Found a roughly hewn altar of Beogh.
 13571 | D:12     | Found Oxzomiet's Jewellery Emporium.
 13617 | D:12     | Noticed Kirke
 13781 | D:12     | Noticed Snorg
 13783 | D:12     | Killed Snorg
 13927 | Orc:1    | Entered Level 1 of the Orcish Mines
 13946 | Orc:1    | Noticed an orc knight
 14218 | D:12     | Killed an orc knight
 14219 | D:12     | Reached XP level 12. HP: 81/89 MP: 15/24
 14315 | Orc:1    | Found Aklet's General Store.
 15155 | Orc:1    | Noticed Jorgrun
 15164 | Orc:2    | Entered Level 2 of the Orcish Mines
 15343 | Orc:1    | Killed Jorgrun
 15516 | Orc:2    | Noticed an orc warlord
 15520 | Orc:2    | Reached **** piety under Wu Jian
 16025 | Orc:2    | Killed an orc warlord
 16026 | Orc:2    | Reached skill level 5 in Earth Magic
 16165 | Orc:2    | Found a staircase to the Elven Halls.
 16201 | Orc:2    | Noticed a two-headed ogre
 16205 | Orc:2    | Noticed an ogre mage
 16225 | Orc:2    | Killed a two-headed ogre
 16405 | Orc:1    | Reached skill level 10 in Dodging
 16531 | Orc:1    | Killed an ogre mage
 16650 | Orc:2    | Noticed an ogre mage
 16664 | Orc:2    | Killed an ogre mage
 16667 | Orc:2    | Noticed a two-headed ogre
 16690 | Orc:1    | Killed a two-headed ogre
 16928 | Orc:2    | Noticed a two-headed ogre
 17061 | Orc:1    | Killed a two-headed ogre
 17165 | Orc:2    | Noticed a two-headed ogre
 17166 | Orc:2    | Noticed an ogre mage
 17168 | Orc:2    | Noticed an ogre mage
 17262 | Orc:2    | Paralysed by an orc sorcerer for 3 turns
 17393 | Orc:1    | Killed an ogre mage
 17467 | Orc:1    | Killed a two-headed ogre
 17468 | Orc:1    | Reached skill level 10 in Fighting
 17739 | Orc:2    | Killed an ogre mage
 17817 | Orc:2    | Noticed an ogre mage
 17824 | Orc:2    | Killed an ogre mage
 17825 | Orc:2    | Reached XP level 13. HP: 103/103 MP: 8/25
 18125 | Orc:2    | Found a roughly hewn altar of Beogh.
 18162 | Orc:2    | Found Maguid's Distillery.
 18162 | Orc:2    | Found Esalo's Magic Scroll Boutique.
 18170 | Orc:2    | Found a roughly hewn altar of Beogh.
 18253 | Orc:2    | Bought a potion of invisibility for 144 gold pieces
 18253 | Orc:2    | Bought a potion of heal wounds for 90 gold pieces
 18263 | Orc:2    | Bought a scroll of teleportation for 48 gold pieces
 18263 | Orc:2    | Bought a scroll of blinking for 120 gold pieces
 18728 | Orc:2    | Found Toilywoda's Distillery.
 18729 | Orc:2    | Found Teumeb's Weapon Boutique.
 19237 | Orc:2    | Found a roughly hewn altar of Beogh.
 19452 | Orc:2    | Bought a potion of haste for 160 gold pieces
 19452 | Orc:2    | Bought a potion of heal wounds for 80 gold pieces
 19978 | D:12     | Reached ***** piety under Wu Jian
 20256 | Lair:1   | Entered Level 1 of the Lair of Beasts
 20586 | Lair:1   | Noticed Gastronok
 20842 | Lair:1   | Killed Gastronok
 22145 | Lair:2   | Found a transporter.
 22182 | Lair:2   | Found a gate leading to a gauntlet.
 22192 | Gauntlet | Entered a Gauntlet
 22192 | Gauntlet | Found a transporter.
 22233 | Gauntlet | Found a transporter.
 22233 | Gauntlet | Found a transporter.
 22233 | Gauntlet | Found a transporter.
 22426 | Gauntlet | Reached XP level 14. HP: 95/115 MP: 13/26
 22458 | Gauntlet | Found a transporter.
 22491 | Gauntlet | Found a transporter.
 22492 | Gauntlet | Found a transporter.
 22555 | Gauntlet | Identified the +3 short sword "Yposog" {speed, rC+}
 22735 | Gauntlet | Found a transporter.
 22785 | Lair:2   | Noticed Fannar
 22815 | Lair:2   | Killed Fannar
 23079 | Lair:2   | Reached skill level 1 in Armour
 23163 | Lair:2   | Noticed Harold
 23180 | Lair:2   | Killed Harold
 23380 | Lair:2   | Found a transporter.
 23666 | Lair:2   | Found a staircase to the Shoals.
 23846 | Lair:2   | Found a staircase to the Snake Pit.
 24065 | Lair:3   | Found a runed translucent gate.
 24065 | Lair:3   | Found a runed translucent gate.
 24065 | Lair:3   | Found a runed translucent gate.
 24069 | Lair:3   | Noticed Seic's ghost (journeyman DrSh)
 24395 | Lair:3   | You fall into a shaft and drop 1 floor!
 24767 | Lair:4   | Found an ornate altar of the Wu Jian Council.
 24767 | Lair:4   | Found a hide-covered altar of Uskayaw.
 26094 | Lair:3   | Noticed Sonja
 26101 | Lair:3   | Killed Sonja
 26682 | Lair:3   | Learned a level 5 spell: Silence
 26691 | Lair:3   | Learned a level 8 spell: Discord
 26715 | Lair:5   | Entered Level 5 of the Lair of Beasts
 27012 | Lair:5   | Reached skill level 1 in Air Magic
 27305 | Lair:5   | Noticed Josephine
 27486 | Lair:4   | Killed Josephine
 27829 | Lair:5   | Reached ****** piety under Wu Jian
 28642 | Lair:5   | Reached XP level 15. HP: 120/120 MP: 20/28
 28721 | Lair:5   | Reached skill level 10 in Spellcasting
 28822 | Lair:5   | Found a viscous altar of Jiyva.
 28822 | Lair:5   | Found a staircase to the Slime Pits.
 29681 | Lair:5   | Reached skill level 10 in Hexes
 30027 | Lair:5   | Upgraded the game from 0.32-a0-636-g4925a30cd0 to
                  | 0.32-a0-646-g91cf321817
 31614 | Lair:5   | Noticed Urug
 31628 | Lair:5   | Killed Urug
 32145 | Lair:5   | Identified the +6 flail "Geckeuss" {drain, rPois rN+ rCorr
                  | Dex-3}
 32216 | Lair:5   | Learned a level 5 spell: Curse of Agony
 32305 | Lair:3   | Killed Seic's ghost
 32429 | D:12     | Bought the +8 short sword of Huizeng {speed, rElec rF- rC++
                  | Dex+2} for 1087 gold pieces
 32717 | Snake:1  | Entered Level 1 of the Snake Pit
 33304 | Elf:1    | Entered Level 1 of the Elven Halls
 33643 | Elf:1    | Noticed a deep elf sorcerer
 33667 | Elf:1    | Killed a deep elf sorcerer
 33963 | Elf:1    | Identified the +1 robe of the Black Moon {-Cast Harm rElec
                  | Stlth+}
 35705 | Elf:1    | Noticed a Brimstone Fiend
 35917 | Elf:1    | Reached XP level 16. HP: 127/127 MP: 23/32
 36203 | Elf:1    | Found a roughly hewn altar of Beogh.
 36238 | Elf:1    | Found a radiant altar of Vehumet.
 36499 | Elf:2    | Found a runed translucent gate.
 36500 | Elf:2    | Found a runed translucent gate.
 36500 | Elf:2    | Found a runed translucent gate.
 36986 | Elf:2    | Found an ancient bone altar of Kikubaaqudgha.
 37024 | Elf:2    | HP: 5/129 [+1 halberd of flaming (18)]
 37024 | Elf:2    | Slain by a +1 halberd of flaming

Illustrated notes

Levels and vault maps discovered:
D:1:      moated_graveyard_arrival, layout_basic,
          chequers_ecumenical_altar_twisty, serial_shops, shop
D:2:      layout_loops_corners, serial_bayou_lake_a, uniq_crazy_yiuf_cottage
D:3:      layout_loops_ring, lemuel_doored_altar, ebering_ghost_rock_garden,
          uniq_jessica
D:4:      layout_cave_pools, mainiacjoe_overflow_alcove_1
D:5:      layout_cave_pools, mainiacjoe_overflow_paths
D:6:      layout_rooms, mainiacjoe_overflow_concentric_impassable,
          ebering_ghost_sewer_d, kennysheep_generic_room_13, uniq_pikel,
          uniq_eustachio
D:7:      layout_loops_ring, old_standard_altar, minmay_temple_entry_wispy,
          serial_shops, nicolae_shop_temple_entry_statues_fountains,
          nicolae_shop_back_alley_shop, amcnicky_mini_corridor_feature
D:8:      layout_basic, nicolae_elyvilon_peaceful_grove, kennysheep_mini
D:9:      layout_basic, jmf_multi_god_temple2, minmay_guarded_unrand_finisher
D:10:     layout_cave_pools, general_overflow_altar, grunt_gozag_statues,
          amcnicky_altar_gilded, lemuel_tele_altar
D:11:     layout_stronghold, david_lair_generic
D:12:     layout_roguey, orc_0_dummy, serial_shops, shop,
          nicolae_shop_hallway_plus, shop, shop, special_room
          [special_room_orc], uniq_kirke, uniq_snorg
D:13:     layout_layer_cave, grunt_vaults_entry_fortified
Temple:   kb_corrupted_temple
Lair:1:   layout_big_grid, grunt_megastairs_2, uniq_gastronok
Lair:2:   gammafunk_cloud_chamber, layout_chaotic_city,
          nicolae_shoals_entry_roost, nicolae_snake_entry_warm_welcome,
          gauntlet_entry_generic, uniq_harold, uniq_fannar
Lair:3:   layout_gridlike, ebering_ghost_rock_garden, serial_bayou_ford_a,
          grunt_megastairs_4, uniq_sonja
Lair:4:   layout_cave_pods, nzn_masters_of_martial_movement
Lair:5:   guppyfry_lair_end_dragon, layout_regular_city,
          hangedman_lair_caniforms_friends, slime_entry_1, serial_rivers,
          chequers_serial_rivers_small_a, chequers_serial_rivers_small_b,
          chequers_serial_rivers_large_a, chequers_serial_rivers_room_a,
          chequers_serial_rivers_micro_d, chequers_serial_rivers_small_b,
          serial_bayou_shore_a, uniq_josephine, uniq_urug
Snake:1:  layout_cave_shapes
Orc:1:    nicolae_orc_accident_3, layout_caves, serial_shops,
          nicolae_shop_crystal, uniq_jorgrun
Orc:2:    st_orc_town, layout_caves, basic_altar, mines1_david
Elf:1:    elf_arrival_001, layout_geoelf_octagon, nicolae_elf_theology_debate,
          minmay_misc_feat_columns
Elf:2:    nicolae_elf_blades_crystal_corner, layout_rooms, basic_altar

Skill      XL: |  1  2  3  4  5  6  7  8  9 10 11 12 13 14 15 |
---------------+----------------------------------------------+-----
Stealth        | 5 6 9 10 13 14 | 14.0
Short Blades   | 2 3 4 7 10 | 10.0
Hexes          | 6 8 14 | 14.0
Spellcasting   | 3 4 5 8 9 12 | 12.0
Fighting       | 2 4 6 10 12 | 12.6
Dodging        | 3 5 8 10 13 14 | 14.8
Necromancy     | 2 4 8 |  8.0
Shields        | 3 4 |  4.0
Earth Magic    | 4 5 6 |  6.0
Armour         | 4 |  4.0
Air Magic      | 2 |  2.0

Action                     |  1- 3 |  4- 6 |  7- 9 | 10-12 | 13-15 | 16-18 || total
---------------------------+-------+-------+-------+-------+-------+-------++-------
  Melee: Dagger            |   105 |   195 |   261 |   873 |  2073 |       ||  3507
         Bite              |    12 |    23 |    39 |   153 |   410 |    26 ||   663
         Short sword       |       |       |       |       |   340 |   155 ||   495
  Throw: Javelin           |       |       |     8 |       |     2 |       ||    10
         Dart              |       |       |       |       |    22 |       ||    22
   Cast: Tukima's Dance    |     1 |    16 |    50 |   109 |    71 |     4 ||   251
         Confusing Touch   |     1 |     6 |    22 |    38 |   101 |     6 ||   174
         Dazzling Flash    |       |       |       |     1 |    11 |       ||    12
         Borgnjor's Vile C |       |       |       |       |     5 |       ||     5
 Invoke: Serpent's Lash    |       |       |       |       |     3 |       ||     3
Ability: Lunge             |       |       |     7 |    43 |   110 |    12 ||   172
         Whirlwind         |       |       |       |    22 |   166 |     2 ||   190
  Evoke: Wand              |       |       |       |     5 |     1 |       ||     6
    Use: Scroll            |       |     3 |    16 |     6 |    10 |       ||    35
         Potion            |       |       |     1 |     3 |     2 |       ||     6
   Stab: Sleeping          |     8 |     6 |     2 |    14 |    38 |     9 ||    77
         Confused          |       |     3 |    17 |    24 |    93 |     4 ||   141
         Invisible         |       |       |     3 |     4 |    14 |       ||    21
         Distracted        |       |       |     8 |     3 |     7 |     1 ||    19
 Armour: Robe              |    75 |    84 |    48 |       |       |       ||   207
         Steam dragon scal |       |       |    64 |   250 |   667 |    39 ||  1020
  Dodge: Dodged            |    88 |   114 |   191 |   382 |  1215 |    36 ||  2026
  Block: Buckler           |       |       |    19 |   343 |   901 |    51 ||  1314
         Reflection        |       |       |       |    19 |    39 |    14 ||    72

Table legend: (Time is in decaauts)
 A = Elapsed time spent in this place.
 B = Non-inter-level travel time spent in this place.
 C = Inter-level travel time spent in this place.
 D = Time resting spent in this place.
 E = Time spent auto-exploring this place.
 F = Levels seen in this place.
 G = Mean time per level.
                   A        B        C        D        E       F      G
               +--------+--------+--------+--------+--------+-----+--------+
         Total |  35845 |  34245 |   1600 |   7712 |  19109 |  25 | 1433.8 |
       Dungeon |  15240 |  14335 |    905 |   2040 |   9669 |  13 | 1172.3 |
        Temple |     37 |      5 |     32 |      0 |      0 |   1 |   37.0 |
          Lair |  11011 |  10615 |    396 |   2335 |   5586 |   5 | 2202.2 |
     Snake Pit |    149 |    149 |      0 |     97 |      0 |   1 |  149.0 |
  Orcish Mines |   5307 |   5167 |    140 |   1994 |   2141 |   2 | 2653.5 |
   Elven Halls |   3527 |   3402 |    125 |   1175 |   1370 |   2 | 1763.5 |
      Gauntlet |    571 |    571 |      0 |     70 |    342 |   1 |  571.0 |
               +--------+--------+--------+--------+--------+-----+--------+

Top non-repeatable levels by time:
  Lair:5: 4812 daAuts
   Orc:1: 3170 daAuts
   Elf:1: 2951 daAuts
   Orc:2: 2136 daAuts
    D:11: 2125 daAuts
  Lair:4: 2087 daAuts
    D:12: 1860 daAuts
     D:8: 1757 daAuts
  Lair:2: 1653 daAuts
  Lair:1: 1478 daAuts
     D:9: 1343 daAuts
     D:7: 1330 daAuts
     D:5: 1255 daAuts
     D:2: 1211 daAuts
     D:4: 1083 daAuts

Table legend:
 A = Kills in this place as a percentage of kills in the entire game.
 B = Kills by you in this place as a percentage of kills by you in the entire game.
 C = Kills by friends in this place as a percentage of kills by friends in the entire game.
 D = Other kills in this place as a percentage of other kills in the entire game.
 E = Experience gained in this place as a percentage of experience gained in the entire game.
 F = Experience gained in this place divided by the number of levels of this place that you have seen.
                   A       B       C       D       E      F
               +-------+-------+-------+-------+-------+----------------------
         Total | 100.0 | 100.0 | 100.0 | 100.0 | 100.0 | 6752.5
       Dungeon |  39.6 |  37.5 |  59.4 |  50.0 |  16.5 | 2140.5
          Lair |  34.8 |  38.7 |   0.0 |   0.0 |  42.9 | 14482.2
     Snake Pit |   0.9 |   0.9 |   1.4 |   0.0 |   2.2 | 3690.0
  Orcish Mines |  15.3 |  13.1 |  36.2 |  16.7 |  13.9 | 11740.0
   Elven Halls |   8.5 |   9.0 |   2.9 |  16.7 |  22.8 | 19283.5
      Gauntlet |   0.9 |   0.9 |   0.0 |  16.7 |   1.7 | 2837.0
               +-------+-------+-------+-------+-------+----------------------
